 Dungeon Crawl Stone Soup version 0.31-a0-691-g409c26aa35 (webtiles) character file.

Game seed: 9926154611784093594

515 LeprechaunX the Changeling (level 7, -1/46 HPs)
             Began as an Octopode Shapeshifter on Sept 6, 2023.
             Killed from afar by Dowan (16 damage)
             ... with a shard of ice
             ... on level 5 of the Dungeon.
             The game lasted 00:03:33 (2940 turns).

LeprechaunX the Changeling (Octopode Shapeshifter)  Turns: 2940, Time: 00:03:33

Health: -1/46      AC:  1    Str: 16    XL:     7   Next: 20%
Magic:  7/7        EV: 13    Int: 18    God:
Gold:   198        SH:  4    Dex: 11    Spells: 6/6 levels left

rFire   . .          .
                       - Unarmed
rCold   . . .        r - +0 buckler
rNeg    . . .        (helmet currently unavailable)
rPois   +            p - amulet of the acrobat
rElec   .            e - +6 ring of intelligence
rCorr   .            u - ring of willpower
SInv    .            v - ring of poison resistance
Will    +....        (no ring)
Stlth   ++           (no ring)
HPRegen 0.27/turn    (no ring)
MPRegen 0.10/turn    (no ring)
                     (no ring)

%: acrobat
@: beast-form
A: beast (slay +2), almost no armour, amphibious, 8 rings, camouflage 1,
gelatinous body 1, (nimble swimmer 1), tentacles
a: Begin Untransformation


You were on level 5 of the Dungeon.
You were a hulking beast.
You visited 1 branch of the dungeon, and saw 5 of its levels.

You collected 198 gold pieces.

Inventory:

Armour
 r - a +0 buckler (worn)
Jewellery
 e - a +6 ring of intelligence (left tentacle)
 p - an amulet of the acrobat (around mantle)
 u - a ring of willpower (right tentacle)
 v - a ring of poison resistance (on tentacle)
Talismans
 b - a beast talisman (active)
 c - a flux talisman
Wands
 s - a wand of flame (8)
Scrolls
 f - a scroll of blinking {unknown}
 g - a scroll of immolation {unknown}
 l - a scroll of enchant armour {unknown}
 m - 2 scrolls of vulnerability {unknown}
 n - a scroll of enchant weapon {unknown}
 o - a scroll of fog {unknown}
 t - a scroll of teleportation {unknown}
Potions
 a - 2 potions of lignification
 d - 2 potions of cancellation {unknown}
 h - a potion of resistance {unknown}
 i - a potion of degeneration {unknown}
 j - a potion of heal wounds {unknown}
 k - a potion of curing {unknown}
 q - a potion of berserk rage {unknown}


   Skills:
 + Level 3.1 Fighting
 + Level 3.5 Dodging
 + Level 1.9 Shields
 + Level 4.2 Unarmed Combat
 * Level 5.0 Shapeshifting


You had 6 spell levels left.
You didn't know any spells.
Your spell library contained the following spells:

 Spells                   Type           Power      Damage    Failure   Level
 Kiss of Death            Conj/Necr      0%         2d5       28%         1
 Magic Dart               Conj           0%         1d3       28%         1
 Call Imp                 Summ           0%         N/A       41%         2
 Confusing Touch          Hex            0%         N/A       65%         3
 Mephitic Cloud           Conj/Pois/Air  0%         N/A       65%         3
 Ozocubu's Armour         Ice            0%         N/A       65%         3
 Cause Fear               Hex            0%         N/A       96%         4
 Dispel Undead            Necr           0%         3d6       96%         4
 Fireball                 Conj/Fire      0%         3d3       100%        5
 Ozocubu's Refrigeration  Ice            0%         4d7       100%        7
 Dragon's Call            Summ           0%         N/A       100%        9


Dungeon Overview and Level Annotations

Branches:
Dungeon (5/15)
 Temple: D:4-7

Altars:
Uskayaw

Portals:
Abyss: D:3

Annotations:
D:3 2 transporters, justen's ghost, amateur OpSh
D:5 Dowan


Innate Abilities, Weirdness & Mutations

You are a hulking beast.
Your limbs bulge with bestial killing power. (Slay +2)
You cannot wear most types of armour.
You are amphibious.
You can wear up to eight rings at the same time.
Your skin changes colour to match your surroundings (Stealth+).
Your rubbery body absorbs attacks. (AC +1, EV +1)
((You are camouflaged when in or above water. (Stealth+)))
You have tentacles for arms and can constrict up to eight enemies at once.


Message History

Duvessa, Sister of Dowan comes into view.
She is wielding a +0 short sword.
Duvessa shouts!
Duvessa says, "When magic and the sword combine, nothing stands against them."
You tentacle-slap Duvessa. You grab Duvessa. You tentacle-slap Duvessa.
You squeeze Duvessa!
Duvessa is moderately wounded.
You constrict Duvessa. Duvessa closely misses you.
You tentacle-slap Duvessa but do no damage.
Duvessa is heavily wounded.
You constrict Duvessa, but do no damage.
Duvessa says, "When magic and the sword combine, nothing stands against them."
Duvessa hits you with a +0 short sword.
You tentacle-slap Duvessa. x2; You squeeze Duvessa.
Duvessa is severely wounded.
You constrict Duvessa, but do no damage.
Duvessa hits you with a +0 short sword!
You bludgeon Duvessa!
Duvessa is almost dead.
You constrict Duvessa. Duvessa hits you with a +0 short sword.
You bludgeon Duvessa!
You kill Duvessa!
Dowan seems overcome with grief.
Dowan seems to find hidden reserves of power!
Your Fighting skill increases to level 3!
Your Shapeshifting skill increases to level 5!
You have reached level 7!
You barely miss Dowan. You grab Dowan. You constrict Dowan.
Dowan closely misses you. Dowan misses you.
You completely miss Dowan. You squeeze Dowan.
Dowan is moderately wounded.
You constrict Dowan. Dowan hits you with a +0 dagger.
You tentacle-slap Dowan but do no damage.
Dowan is moderately wounded.
You constrict Dowan, but do no damage. Dowan hits you with a +0 dagger.
You tentacle-slap Dowan. You squeeze Dowan!
Dowan is almost dead.
You constrict Dowan, but do no damage. Dowan barely misses you.
Dowan casts a spell at you. The shard of ice hits you!
You die...

######## ... ..# #.###
#.# #.# ......#.###.###
#..$.eh....# ##.#.###.#.#
.........#.#
###########.# #.# #<# #..
........#.# #. #..
#.......#.#######
#.##..###..>....#.......#


You could see Dowan (fast).

Vanquished Creatures
  Menkaure (D:4)
  Duvessa (D:5)
  An ogre (D:4)
  A jelly (D:4)
  An iguana (D:4)
  3 gnolls (D:2)
  4 adders
  A worm (D:2)
  7 dart slugs
  4 orcs (D:3)
  7 ball pythons
  6 endoplasms
  2 giant cockroaches
  7 goblins
  4 hobgoblins
  2 jackals (D:4)
  5 quokkas
  8 bats
  9 kobolds
  3 rats
77 creatures vanquished.

Notes
Turn   | Place    | Note
-------+----------+-------------------------------------------
     0 | D:1      | LeprechaunX the Octopode Shapeshifter began the quest for
                  | the Orb.
     0 | D:1      | Reached XP level 1. HP: 13/13 MP: 1/1
    93 | D:1      | Reached XP level 2. HP: 18/18 MP: 2/2
   437 | D:1      | Reached XP level 3. HP: 21/23 MP: 3/3
   524 | D:1      | You fall into a shaft and drop 1 floor!
   634 | D:2      | Reached XP level 4. HP: 12/29 MP: 4/4
  1262 | D:2      | Reached skill level 4 in Shapeshifting
  1316 | D:2      | Reached XP level 5. HP: 33/34 MP: 5/5
  1469 | D:3      | Found a transporter.
  1509 | D:3      | Noticed a small abomination
  1522 | D:3      | Found a transporter.
  1522 | D:3      | Noticed justen's ghost (amateur OpSh)
  1544 | D:3      | Noticed a kobold brigand
  1647 | D:3      | Found a hide-covered altar of Uskayaw.
  1717 | D:3      | Found a faded altar of an unknown god.
  2089 | D:3      | Noticed a small abomination
  2105 | D:3      | Found a one-way gate to the infinite horrors of the Abyss.
  2243 | D:4      | Noticed Menkaure
  2250 | D:4      | Killed Menkaure
  2251 | D:4      | Reached skill level 1 in Shields
  2251 | D:4      | Reached XP level 6. HP: 5/41 MP: 6/6
  2841 | D:5      | Entered Level 5 of the Dungeon
  2924 | D:5      | Noticed Dowan
  2925 | D:5      | Noticed Duvessa
  2936 | D:5      | Killed Duvessa
  2937 | D:5      | Reached skill level 5 in Shapeshifting
  2937 | D:5      | Reached XP level 7. HP: 26/46 MP: 7/7
  2940 | D:5      | Killed from afar by Dowan

Illustrated notes

Levels and vault maps discovered:
D:1:      minmay_arrival_semitransparent, layout_loops_cross, minmay_box_of_dots
D:2:      layout_rooms, dk_noncrumbling_3
D:3:      layout_basic, nicolae_uskayaw_murder_on_the_dancefloor,
          gammafunk_ghost_abyssal_escape, basic_ecumenical_altar
D:4:      layout_rooms, chequers_mini_garden, uniq_menkaure
D:5:      wander_river, layout_loops_cross, minmay_temple_entry_arrows,
          feat_on_display, uniq_duvessa, uniq_sigmund

Skill      XL: |  1  2  3  4  5  6 |
---------------+-------------------+-----
Fighting       | 2 3 |  3.1
Shapeshifting  | 4 5 |  5.0
Dodging        | 3 |  3.5
Shields        | 1 |  1.9
Unarmed Combat | 4 |  4.2

Action                     |  1- 3 |  4- 6 |  7- 9 || total
---------------------------+-------+-------+-------++-------
  Melee: Unarmed           |    58 |    90 |     4 ||   152
         Constrict         |    18 |    32 |     1 ||    51
         Tentacles         |     9 |    23 |     2 ||    34
         Punch             |     1 |     4 |       ||     5
    Use: Potion            |       |     1 |       ||     1
   Stab: Sleeping          |     6 |    11 |       ||    17
 Armour: Skin              |    25 |    37 |     3 ||    65
  Dodge: Dodged            |    26 |    46 |     3 ||    75
  Block: Buckler           |       |     3 |       ||     3

Table legend: (Time is in decaauts)
 A = Elapsed time spent in this place.
 B = Non-inter-level travel time spent in this place.
 C = Inter-level travel time spent in this place.
 D = Time resting spent in this place.
 E = Time spent auto-exploring this place.
 F = Levels seen in this place.
 G = Mean time per level.
                   A        B        C        D        E       F      G
               +--------+--------+--------+--------+--------+-----+--------+
         Total |   2929 |   2784 |    145 |    203 |   2082 |   5 |  585.8 |
       Dungeon |   2929 |   2784 |    145 |    203 |   2082 |   5 |  585.8 |
               +--------+--------+--------+--------+--------+-----+--------+

Top non-repeatable levels by time:
     D:1: 777 daAuts
     D:3: 726 daAuts
     D:2: 684 daAuts
     D:4: 642 daAuts
     D:5: 97 daAuts
